 Dungeon Crawl Stone Soup version 0.21.1-1-g345015f (webtiles) character file.

112 prawnwizard the Firebug (level 4, 0/34 HPs)
             Began as a Draconian Fire Elementalist on July 2, 2018.
             Succumbed to a worker ant's poison
             ... on level 5 of the Dungeon.
             The game lasted 00:10:23 (3981 turns).

prawnwizard the Firebug (DrFE)                      Turns: 3981, Time: 00:10:23

Health: 0/34       AC:  6    Str: 10    XL:     4   Next: 63%
Magic:  2/7        EV: 12    Int: 20    God:
Gold:   165        SH:  0    Dex: 11    Spells: 0/7 levels left

rFire    . . .     SeeInvis .   q - +1 dagger (speed)
rCold    . . .     Gourm    +   (no shield)
rNeg     . . .     Faith    .   (armour unavailable)
rPois    .         Spirit   .   (helmet restricted)
rElec    .         Reflect  .   (no cloak)
rCorr    .         Harm     .   k - +0 pair of gloves
MR       .....                  (no boots)
Stlth    ++........             e - amulet of the gourmand
HPRegen  0.11/turn              f - +3 ring of intelligence
MPRegen  0.10/turn              (no ring)

@: lethally poisoned (0 -> -6), very slightly contaminated
A: unfitting armour, cold-blooded, AC +5
a: no special abilities


You were on level 5 of the Dungeon.
You were not hungry.

You visited 1 branch of the dungeon, and saw 5 of its levels.

You collected 165 gold pieces.

Inventory:

Hand Weapons
 q - a +1 dagger of speed (weapon)
Armour
 k - a +0 pair of gloves (worn)
Jewellery
 e - an amulet of the gourmand (around neck)
 f - a +3 ring of intelligence (left hand)
Wands
 l - a wand of enslavement (11)
Scrolls
 c - a scroll of identify
 d - 2 scrolls of enchant weapon
 g - a scroll of remove curse
Potions
 h - 2 potions of haste {unknown}
 j - 3 potions of cancellation
Books
 a - a book of Flames

   Spells                             Type                      Level
   a - Flame Tongue                   Conjuration/Fire             1
   b - Throw Flame                    Conjuration/Fire             2
   c - Conjure Flame                  Conjuration/Fire             3
   d - Inner Flame                    Hexes/Fire                   3
   e - Sticky Flame                   Conjuration/Fire             4
   f - Fireball                       Conjuration/Fire             5
 n - a book of Cantrips

   Spells                             Type                      Level
   a - Confusing Touch                Hexes                        1
   b - Animate Skeleton               Necromancy                   1
   c - Summon Small Mammal            Summoning                    1
   d - Apportation                    Translocation                1
Comestibles
 b - 8 rations


   Skills:
 + Level 0.8 Fighting
 - Level 0.4 Short Blades
 - Level 2.1 Dodging
 - Level 2.0 Stealth
 + Level 2.4 Spellcasting
 * Level 2.1 Conjurations
 * Level 4.1 Fire Magic


You couldn't memorise any spells.
You knew the following spells:

 Your Spells              Type           Power        Failure   Level  Hunger
a - Flame Tongue          Conj/Fire      ###..        4%          1    #......
b - Throw Flame           Conj/Fire      ###...       6%          2    ##.....
c - Sticky Flame          Conj/Fire      ###.....     38%         4    #####..


Dungeon Overview and Level Annotations

Branches:
Dungeon (5/15)
 Temple: D:4-7

Altars:
Zin

Annotations:
D:4 prawnwizard's ghost, amateur MiBe


Innate Abilities, Weirdness & Mutations

Your plain brown scales are hard. (AC +5)
You cannot fit into any form of body armour.
You are cold-blooded and may be slowed by cold attacks.


Message History

Found a pink potion.
A hound and an orc come into view.
An orc and an orc priest come into view.
You feel sick.
The orc priest shouts!
You hear an angry hiss.
The orc priest looks encouraged for a moment.
The orc moves out of view.
The orc priest looks satisfied for a moment.
An orc comes into view. It is wielding a short sword.
You feel sick.
The orc shouts! x2
You feel sick.
The worker ant bites you but does no damage.
You feel sick.
A scorpion comes into view.
The orc priest mumbles some strange prayers to Beogh against you.
Beogh smites you!
* * * LOW HITPOINT WARNING * * *
A giant cockroach comes into view.
You die...

...$.. ..ss.. .....
...##. ### ..#. .#
...# ###... #...
....## ####...###...#
$....## #......@...#
......## #.!.Oa...###
....<..# #.......###.
.......###ho.........#
?..oo..........#######
....#..###...#o#
o...##.........# ###.
...#####.o# ...#...
.o...


You could see an ogre, a scorpion (sleeping), a hound, a worker ant, an orc
priest, 2 orcs and a giant cockroach (wandering).

Vanquished Creatures
  A worker ant (D:4)
  3 adders (D:2)
  An adder skeleton (D:4)
  2 worms
  2 dart slugs (D:1)
  A giant cockroach (D:1)
  5 hobgoblins
  3 jackals (D:2)
  A quokka (D:4)
  2 ball pythons
  7 bats
  3 frilled lizards (D:2)
  8 goblins
  3 kobolds
  6 rats
48 creatures vanquished.

Notes
Turn   | Place    | Note
-------+----------+-------------------------------------------
     0 | D:1      | prawnwizard the Draconian Fire Elementalist began the quest for the Orb.
     0 | D:1      | Reached XP level 1. HP: 14/14 MP: 3/3
   431 | D:1      | Reached XP level 2. HP: 20/20 MP: 1/5
  1424 | D:2      | Reached XP level 3. HP: 20/26 MP: 0/6
  1484 | D:2      | Learned a level 2 spell: Throw Flame
  1763 | D:2      | Found a glowing silver altar of Zin.
  2135 | D:2      | Reached skill level 4 in Fire Magic
  2135 | D:2      | Reached XP level 4. HP: 24/34 MP: 0/7
  3107 | D:4      | Noticed an orc warrior
  3495 | D:4      | Noticed an ogre
  3538 | D:3      | Learned a level 4 spell: Sticky Flame
  3686 | D:4      | Noticed prawnwizard's ghost (amateur MiBe)
  3969 | D:5      | Entered Level 5 of the Dungeon
  3969 | D:5      | Noticed an ogre
  3980 | D:5      | HP: 1/34 [orc priest/divine providence (14)]
  3981 | D:5      | Succumbed to a worker ant's poison

Skill      XL: |  1  2  3  4 |
---------------+-------------+-----
Stealth        | 2 |  2.0
Dodging        | 2 |  2.1
Fire Magic     | 4 |  4.1
Conjurations   | 2 |  2.1
Fighting       | |  0.8
Short Blades   | |  0.4
Spellcasting   | |  2.4

Action                   |  1- 3 |  4- 6 || total
-------------------------+-------+-------++-------
Melee: Short sword       |    56 |       ||    56
       Unarmed           |    11 |       ||    11
       Tailslap          |    10 |     1 ||    11
       Dagger            |       |    15 ||    15
 Cast: Flame Tongue      |    56 |    30 ||    86
  Use: Scroll            |       |     7 ||     7
  Eat: Chunk             |     5 |     3 ||     8
       Ration            |       |     1 ||     1
Armor: Skin              |    39 |    11 ||    50
Dodge: Dodged            |    73 |    18 ||    91
